Bruins vs Blue Jackets
Created - January 17, 2018 at 22:44
Goals
|
| Bruins |
0 |
3 |
0 |
0 |
3 |
| Blue Jackets |
1 |
0 |
2 |
1 |
4 |
|
Shots
|
| Bruins |
11 |
8 |
16 |
1 |
36 |
| Blue Jackets |
11 |
12 |
6 |
2 |
31 |
|
1st period
1. Blue Jackets , Pavel Datsyuk 23 (David Booth 21, Martin Havlat 24) at 4:35 (PP)
Penalties :
Kris Chucko (Bos) for Slashing (Minor) at 3:18, Torey Krug (Clb) for Hooking (Minor) at 9:44, Mike Brown (Clb) for Hooking (Minor) at 17:18, Henrik Sedin (Bos) for Slashing (Minor) at 17:58
2nd period
2. Bruins , Alex Tanguay 7 (Marc Savard 24, Patrick Eaves 17) at 6:30
3. Bruins , Mike Fisher 5 (Adam Pineault 6, Kris Chucko 7) at 9:07
4. Bruins , Mike Fisher 6 (Wojtek Wolski 28, Ryan O'Byrne 6) at 19:37
Penalties :
Peter Worrell (Clb) for Roughing (Minor) at 0:15, Mike Lundin (Clb) for Interference (Minor) at 9:12, Andrew Alberts (Bos) for Roughing (Minor) at 11:58, Mike Lundin (Clb) for Hooking (Minor) at 15:17
3rd period
5. Blue Jackets , Kevin Porter 4 (Mike Commodore 2) at 14:49
6. Blue Jackets , Jeff Taffe 5 (Kevin Porter 4, Antti Miettinen 2) at 17:38
Penalties :
Pavel Datsyuk (Clb) for High sticking (Minor) at 0:19, Mike Lundin (Clb) for Holding (Minor) at 0:41, Mike Lundin (Clb) for Hooking (Minor) at 5:48, Pavel Datsyuk (Clb) for Fighting (Major) at 11:40, Wojtek Wolski (Bos) for Fighting (Major) at 11:40, Wojtek Wolski (Bos) for instigated a fight (Minor) at 11:40, Wojtek Wolski (Bos) for instigated a fight (10 Minutes Misconduct) at 11:40
Overtime #1
7. Blue Jackets , Martin Havlat 20 (Pavel Datsyuk 37) at 2:48 (PP)
Penalties :
Andrew Alberts (Bos) for Interference (Minor) at 2:29
Goalie Stats
Kevin Poulin (Bos), 27 saves from 31 shots - (0.871), OTL, 13-9-4, 62:48 minutes
Rick DiPietro (Clb), 33 saves from 36 shots - (0.917), W, 17-14-1, 62:48 minutes
Players Stats for Bruins
Player Name G A P +/- PIM S H SB GA TA FO MP PP MP PK MP
------------------------------------------------------------------------------------
Adam Pineault 0 1 1 0 0 4 1 0 0 0 1/2 12:32 0:17 1:51
Alex Tanguay 1 0 1 1 0 1 0 0 0 0 2/2 12:32 0:11 1:23
Andrew Alberts 0 0 0 1 4 1 3 0 1 0 0/0 25:48 7:47 0:24
Dave Bolland 0 0 0 0 0 3 1 0 1 0 2/5 13:43 0:17 2:12
Henrik Sedin 0 0 0 0 2 4 4 0 1 1 23/38 23:44 6:48 2:59
Jason Demers 0 0 0 1 0 0 1 2 0 1 0/0 29:33 7:47 3:44
Kris Chucko 0 1 1 0 2 3 1 0 0 0 0/0 8:30 0:00 0:35
Marc Savard 0 1 1 1 0 3 2 0 0 0 8/12 15:58 5:50 0:04
Mark Stuart 0 0 0 2 0 1 0 3 0 0 0/0 13:47 0:00 2:29
Mike Fisher 2 0 2 0 0 2 0 0 0 0 2/4 8:52 0:00 0:58
Nate Prosser 0 0 0 2 0 1 1 0 0 0 0/0 10:58 0:00 0:00
Patrick Eaves 0 1 1 1 0 2 1 0 0 0 0/0 16:08 5:50 0:00
Ryan O'Byrne 0 1 1 -2 0 0 1 1 1 0 0/0 22:17 5:09 2:29
Stefan Ruzicka 0 0 0 0 0 0 0 0 0 0 0/0 8:51 0:00 0:00
Travis Hamonic 0 0 0 -2 0 2 4 0 0 2 0/0 23:19 5:09 3:20
Victor Oreskovich 0 0 0 0 0 4 1 1 1 0 1/4 18:47 6:49 0:00
Viktor Stalberg 0 0 0 0 0 2 0 0 0 0 1/1 18:11 5:50 0:03
Wojtek Wolski 0 1 1 0 17 3 2 0 1 0 0/1 20:05 6:55 2:03
Players Stats for Blue Jackets
Player Name G A P +/- PIM S H SB GA TA FO MP PP MP PK MP
------------------------------------------------------------------------------------
A.J Thelen 0 0 0 0 0 0 2 0 0 2 0/0 16:14 0:00 5:13
Andreas Nodl 0 0 0 -1 0 1 0 0 0 0 2/4 10:56 0:00 2:42
Antti Miettinen 0 1 1 2 0 1 2 0 0 0 0/0 12:15 0:24 3:33
David Booth 0 1 1 -2 0 4 1 0 0 0 2/3 17:34 2:50 1:08
Jan Bulis 0 0 0 -1 0 0 1 1 0 0 2/4 13:58 2:37 4:09
Jeff Taffe 1 0 1 2 0 2 0 0 2 0 0/0 9:35 0:40 0:00
Kevin Bieksa 0 0 0 -2 0 2 3 1 1 1 0/0 23:34 3:36 0:00
Kevin Porter 1 1 2 2 0 2 0 0 0 0 2/5 7:57 0:00 0:00
Martin Havlat 1 1 2 0 0 4 4 1 0 1 1/1 24:01 2:54 6:31
Mike Brown 0 0 0 -2 2 0 1 0 0 0 0/0 14:05 2:41 0:00
Mike Commodore 0 1 1 0 0 0 0 2 0 0 0/0 19:08 0:00 8:32
Mike Lundin 0 0 0 -1 8 4 0 0 0 1 0/0 25:49 3:36 3:39
Mike York 0 0 0 -1 0 2 1 0 0 0 1/4 9:34 1:03 0:00
Pavel Datsyuk 1 1 2 0 7 5 2 0 1 0 14/39 21:28 1:59 6:12
Peter Mueller 0 0 0 -2 0 2 1 0 0 0 3/7 12:06 0:00 0:00
Peter Worrell 0 0 0 0 2 0 2 0 0 0 2/2 14:29 2:37 0:00
Tim Ramholt 0 0 0 1 0 1 0 2 0 0 0/0 21:38 2:19 4:39
Torey Krug 0 0 0 0 2 1 1 1 0 1 0/0 20:50 2:19 3:48
3 Stars
1 - Martin Havlat (Clb)
2 - Kevin Porter (Clb)
3 - Mike Fisher (Bos)
Power Play
Bruins - 0 on 8 Attempt(s) - 0.00%
Blue Jackets - 2 on 5 Attempt(s) - 40.00%
Penalty Kill
Bruins - 3 on 5 Attempt(s) - 60.00%
- Score 0 goal in Penalty Kill
Blue Jackets - 8 on 8 Attempt(s) - 100.00%
- Score 0 goal in Penalty Kill
Team Stat
Bruins - Hits : 23 - Faceoff Wins : 40 - Blocked Shots : 7 - Penalty Minutes : 25
Blue Jackets - Hits : 21 - Faceoff Wins : 29 - Blocked Shots : 8 - Penalty Minutes : 21
Official
Referees : StPierre Justin and Kowal Tom
Linesman : Tim Nowak and Shane Heyer
Game Notes
Pavel Datsyuk and Wojtek Wolski fight to a draw at 11:40 of 3rd period
Finance
Level 1 -- Attendance: 4471 (74.52%) -- Ticket Income $424,745
Level 2 -- Attendance: 3889 (77.78%) -- Ticket Income $233,340
Level 3 -- Attendance: 1847 (92.35%) -- Ticket Income $64,645
Level 4 -- Attendance: 4000 (100.00%) -- Ticket Income $100,000
Luxury Box -- Attendance: 751 (75.10%) -- Ticket Income $142,690
Game was played at the Ohio State Arena.
Total Attendance: 14958 (83.10%)
Total Ticket Income: $965,420
Other Income: $144,813
Total Income: $1,110,233
Bruins
5 vs 5 Forward
Center Left Wing Right Wing Time % Phy DF OF
1 Henrik Sedin Wojtek Wolski Victor Oreskovich 40 0 2 3
2 Marc Savard Alex Tanguay Patrick Eaves 30 0 2 3
3 Dave Bolland Viktor Stalberg Stefan Ruzicka 20 1 2 2
4 Mike Fisher Kris Chucko Adam Pineault 10 1 2 2
5 vs 5 Defense
Defense Defense Time % Phy DF OF
1 Jason Demers Andrew Alberts 40 0 2 3
2 Ryan O'Byrne Travis Hamonic 30 1 2 2
3 Mark Stuart Nate Prosser 20 1 2 2
4 Jason Demers Travis Hamonic 10 1 2 2
PowerPlay Forward
Center Left Wing Right Wing Time % Phy DF OF
1 Henrik Sedin Wojtek Wolski Victor Oreskovich 60 0 1 4
2 Marc Savard Viktor Stalberg Patrick Eaves 40 0 1 4
PowerPlay Defense
Defense Defense Time % Phy DF OF
1 Jason Demers Andrew Alberts 60 0 2 3
2 Travis Hamonic Ryan O'Byrne 40 0 2 3
Penalty Kill 4 Players Forward
Center Wing Time % Phy DF OF
1 Henrik Sedin Wojtek Wolski 60 0 4 1
2 Mike Fisher Dave Bolland 40 0 4 1
Penalty Kill 4 Players Defense
Defense Defense Time % Phy DF OF
1 Jason Demers Travis Hamonic 60 0 5 0
2 Mark Stuart Ryan O'Byrne 40 0 5 0
Penalty Kill - 3 Players Forward
Forward Time % Phy DF OF
1 Wojtek Wolski 60 0 4 1
2 Mike Fisher 40 0 4 1
Penalty Kill - 3 Players Defense
Defense Defense Time % Phy DF OF
1 Jason Demers Travis Hamonic 60 0 5 0
2 Mark Stuart Ryan O'Byrne 40 0 5 0
4 vs 4 Forward
Center Wing Time % Phy DF OF
1 Henrik Sedin Wojtek Wolski 60 0 2 3
2 Marc Savard Victor Oreskovich 40 0 2 3
4 vs 4 Defense
Defense Defense Time % Phy DF OF
1 Jason Demers Andrew Alberts 60 1 2 2
2 Travis Hamonic Ryan O'Byrne 40 1 2 2
Last Minutes Offensive
Center Left Wing Right Wing Defense Defense
Henrik Sedin Wojtek Wolski Victor Oreskovich Jason Demers Andrew Alberts
Last Minutes Defensive
Center Left Wing Right Wing Defense Defense
Henrik Sedin Wojtek Wolski Victor Oreskovich Jason Demers Travis Hamonic
Goaltenders
Starting : Kevin Poulin
Backup : Roberto Luongo
Extra Forwards
Normal : Viktor Stalberg, Dave Bolland, Adam Pineault - PP : Viktor Stalberg, Dave Bolland - PK : Adam Pineault
Extra Defensemen
Normal : Andrew Alberts, Jason Demers, Travis Hamonic - PP : Nate Prosser - PK : Travis Hamonic, Nate Prosser
Penalty Shots
Wojtek Wolski, Viktor Stalberg, Patrick Eaves, Marc Savard, Henrik Sedin
Scratches
None
Blue Jackets
5 vs 5 Forward
Center Left Wing Right Wing Time % Phy DF OF
1 Pavel Datsyuk Peter Worrell Martin Havlat 40 1 2 2
2 Peter Mueller David Booth Mike Brown 35 1 2 2
3 Jan Bulis Mike York Andreas Nodl 15 1 2 2
4 Kevin Porter Jeff Taffe Antti Miettinen 10 1 2 2
5 vs 5 Defense
Defense Defense Time % Phy DF OF
1 Mike Lundin Kevin Bieksa 40 1 2 2
2 Tim Ramholt Torey Krug 30 1 2 2
3 Mike Commodore A.J Thelen 20 1 2 2
4 Torey Krug Kevin Bieksa 10 1 2 2
PowerPlay Forward
Center Left Wing Right Wing Time % Phy DF OF
1 Pavel Datsyuk David Booth Martin Havlat 60 1 2 2
2 Jan Bulis Peter Worrell Mike Brown 40 1 2 2
PowerPlay Defense
Defense Defense Time % Phy DF OF
1 Mike Lundin Kevin Bieksa 60 1 2 2
2 Tim Ramholt Torey Krug 40 1 2 2
Penalty Kill 4 Players Forward
Center Wing Time % Phy DF OF
1 Pavel Datsyuk Martin Havlat 60 1 2 2
2 Jan Bulis Antti Miettinen 40 1 2 2
Penalty Kill 4 Players Defense
Defense Defense Time % Phy DF OF
1 Mike Commodore Mike Lundin 60 1 2 2
2 Tim Ramholt Torey Krug 40 1 2 2
Penalty Kill - 3 Players Forward
Forward Time % Phy DF OF
1 Pavel Datsyuk 60 1 2 2
2 Jan Bulis 40 1 2 2
Penalty Kill - 3 Players Defense
Defense Defense Time % Phy DF OF
1 Mike Commodore Mike Lundin 60 1 2 2
2 Tim Ramholt Torey Krug 40 1 2 2
4 vs 4 Forward
Center Wing Time % Phy DF OF
1 Pavel Datsyuk Martin Havlat 60 1 2 2
2 Peter Mueller David Booth 40 1 2 2
4 vs 4 Defense
Defense Defense Time % Phy DF OF
1 Mike Lundin Kevin Bieksa 60 1 2 2
2 Tim Ramholt Torey Krug 40 1 2 2
Last Minutes Offensive
Center Left Wing Right Wing Defense Defense
Pavel Datsyuk David Booth Martin Havlat Mike Lundin Kevin Bieksa
Last Minutes Defensive
Center Left Wing Right Wing Defense Defense
Pavel Datsyuk David Booth Martin Havlat Mike Lundin Kevin Bieksa
Goaltenders
Starting : Rick DiPietro
Backup : Keith Kinkaid
Extra Forwards
Normal : Mike York, Jeff Taffe, Andreas Nodl - PP : Mike York, Jeff Taffe - PK : Andreas Nodl
Extra Defensemen
Normal : Mike Commodore, A.J Thelen, Tim Ramholt - PP : Mike Commodore - PK : A.J Thelen, Tim Ramholt
Penalty Shots
David Booth, Martin Havlat, Pavel Datsyuk, Peter Worrell, Mike York
Scratches
Branislav Mezei (Left Eye Injury), Dave Steckel (Healthy)
% Time on Ice - Bruins
Lines # - Real PCT - Wanted PCT - Time Play
Normal Forward
1 - 32% - 40% - 12:46
2 - 26% - 30% - 10:28
3 - 22% - 20% - 8:42
4 - 20% - 10% - 7:54
Normal Defense
1 - 38% - 40% - 15:15
2 - 33% - 30% - 13:14
3 - 28% - 20% - 10:58
4 - 1% - 10% - 0:23
PP Forward
1 - 55% - 60% - 7:06
2 - 45% - 40% - 5:50
PP Defense
1 - 60% - 60% - 7:47
2 - 40% - 40% - 5:09
PK Forward
1 - 84% - 60% - 4:57
2 - 16% - 40% - 0:58
PK Defense
1 - 58% - 60% - 3:26
2 - 42% - 40% - 2:29
PK3 Forward
1 - 100% - 60% - 0:18
2 - 0% - 40% - 0:00
PK3 Defense
1 - 100% - 60% - 0:18
2 - 0% - 40% - 0:00
44 Forward
1 - 100% - 60% - 3:49
2 - 0% - 40% - 0:00
44 Defense
1 - 63% - 60% - 2:24
2 - 37% - 40% - 1:25
Last Minute Offensive - 0:00
Last Minute Defensive - 0:00
Total
Forward - 62:48
Defense - 62:48
|
% Time on Ice - Blue Jackets
Lines # - Real PCT - Wanted PCT - Time Play
Normal Forward
1 - 34% - 40% - 13:36
2 - 29% - 35% - 11:38
3 - 17% - 15% - 6:39
4 - 20% - 10% - 7:57
Normal Defense
1 - 45% - 40% - 17:51
2 - 30% - 30% - 11:56
3 - 22% - 20% - 8:42
4 - 3% - 10% - 1:21
PP Forward
1 - 56% - 60% - 3:18
2 - 44% - 40% - 2:37
PP Defense
1 - 61% - 60% - 3:36
2 - 39% - 40% - 2:19
PK Forward
1 - 69% - 60% - 7:46
2 - 31% - 40% - 3:33
PK Defense
1 - 63% - 60% - 7:06
2 - 37% - 40% - 4:13
PK3 Forward
1 - 100% - 60% - 1:37
2 - 0% - 40% - 0:00
PK3 Defense
1 - 89% - 60% - 1:26
2 - 11% - 40% - 0:11
44 Forward
1 - 75% - 60% - 3:06
2 - 25% - 40% - 1:01
44 Defense
1 - 65% - 60% - 2:40
2 - 35% - 40% - 1:27
Last Minute Offensive - 0:00
Last Minute Defensive - 0:00
Total
Forward - 62:48
Defense - 62:48
|
Play by Play
1st period
0:01 of 1st period - Peter Worrell wins face-off versus Victor Oreskovich in neutral zone.
0:08 of 1st period - Snap shot by Martin Havlat.
0:08 of 1st period - Shot Hit the Post.
0:35 of 1st period - David Booth is hit by Travis Hamonic and loses puck.
1:11 of 1st period - Wrist shot by Kevin Porter.
1:11 of 1st period - Stopped by Kevin Poulin without a rebound.
1:12 of 1st period - Mike Fisher wins face-off versus Kevin Porter in Bruins zone.
1:25 of 1st period - Snap shot by Adam Pineault.
1:25 of 1st period - Shot Blocked by Tim Ramholt.
1:27 of 1st period - Snap shot by Mark Stuart.
1:27 of 1st period - Stopped by Rick DiPietro with a rebound.
1:41 of 1st period - Torey Krug is hit by Victor Oreskovich and loses puck.
2:10 of 1st period - Snap shot by David Booth.
2:10 of 1st period - Shot Misses the Net.
3:18 of 1st period - Minor Penalty to Kris Chucko for Slashing.
3:19 of 1st period - Henrik Sedin wins face-off versus Pavel Datsyuk in Bruins zone.
3:28 of 1st period - Mike Lundin is hit by Henrik Sedin.
4:12 of 1st period - Slapshot by Kevin Bieksa.
4:12 of 1st period - Shot Blocked by Ryan O'Byrne.
4:14 of 1st period - Slapshot by Mike Lundin.
4:14 of 1st period - Shot Blocked by Mark Stuart.
4:18 of 1st period - Snap shot by Peter Worrell.
4:18 of 1st period - Shot Misses the Net.
4:20 of 1st period - Snap shot by Jan Bulis.
4:20 of 1st period - Shot Misses the Net.
4:22 of 1st period - Slapshot by Mike Lundin.
4:22 of 1st period - Stopped by Kevin Poulin without a rebound.
4:23 of 1st period - Henrik Sedin wins face-off versus Pavel Datsyuk in Bruins zone.
4:23 of 1st period - Henrik Sedin is hit by David Booth.
4:35 of 1st period - Slapshot by Pavel Datsyuk.
4:35 of 1st period - Goal by Pavel Datsyuk - Bruins : 0 - Blue Jackets : 1.
4:36 of 1st period - Henrik Sedin wins face-off versus Peter Mueller in neutral zone.
4:47 of 1st period - Snap shot by Victor Oreskovich.
4:47 of 1st period - Deflect By Henrik Sedin.
4:47 of 1st period - Shot Misses the Net.
4:47 of 1st period - Puck is out of play.
4:48 of 1st period - Pavel Datsyuk wins face-off versus Henrik Sedin in Blue Jackets zone.
4:55 of 1st period - Slapshot by Kevin Bieksa.
4:55 of 1st period - Shot Misses the Net.
5:13 of 1st period - Peter Mueller is hit by Andrew Alberts.
5:40 of 1st period - Kevin Porter is hit by Nate Prosser.
5:56 of 1st period - Wrist shot by Victor Oreskovich.
5:56 of 1st period - Stopped by Rick DiPietro with a rebound.
6:02 of 1st period - Snap shot by Pavel Datsyuk.
6:02 of 1st period - Stopped by Kevin Poulin with a rebound.
6:04 of 1st period - Slapshot by A.J Thelen.
6:04 of 1st period - Deflect By Pavel Datsyuk.
6:04 of 1st period - Shot Blocked by Mark Stuart.
6:04 of 1st period - Puck is out of play.
6:05 of 1st period - Marc Savard wins face-off versus Peter Mueller in Bruins zone.
7:29 of 1st period - Icing by Mark Stuart.
7:30 of 1st period - Marc Savard wins face-off versus Kevin Porter in Bruins zone.
7:43 of 1st period - Backhand shot by Marc Savard.
7:43 of 1st period - Stopped by Rick DiPietro without a rebound.
7:44 of 1st period - Henrik Sedin wins face-off versus Pavel Datsyuk in Blue Jackets zone.
8:09 of 1st period - Peter Mueller is hit by Patrick Eaves and loses puck.
8:18 of 1st period - Wrist shot by Patrick Eaves.
8:18 of 1st period - Shot Misses the Net.
9:35 of 1st period - Off-side.
9:36 of 1st period - Henrik Sedin wins face-off versus Pavel Datsyuk in neutral zone.
9:41 of 1st period - Slapshot by Victor Oreskovich.
9:41 of 1st period - Stopped by Rick DiPietro without a rebound.
9:42 of 1st period - Pavel Datsyuk wins face-off versus Wojtek Wolski in Blue Jackets zone.
9:44 of 1st period - Minor Penalty to Torey Krug for Hooking.
9:45 of 1st period - Henrik Sedin wins face-off versus Pavel Datsyuk in Blue Jackets zone.
9:47 of 1st period - Slapshot by Victor Oreskovich.
9:47 of 1st period - Stopped by Rick DiPietro without a rebound.
9:48 of 1st period - Henrik Sedin wins face-off versus Pavel Datsyuk in Blue Jackets zone.
10:01 of 1st period - Snap shot by Victor Oreskovich.
10:01 of 1st period - Stopped by Rick DiPietro with a rebound.
10:03 of 1st period - Snap shot by Wojtek Wolski.
10:03 of 1st period - Stopped by Rick DiPietro with a rebound.
10:45 of 1st period - Icing by Wojtek Wolski.
10:46 of 1st period - Pavel Datsyuk wins face-off versus Henrik Sedin in Bruins zone.
11:43 of 1st period - Wrist shot by David Booth.
11:43 of 1st period - Shot Misses the Net.
11:44 of 1st period - Penalty to Torey Krug is over, Torey Krug is back on ice.
11:51 of 1st period - Snap shot by Torey Krug.
11:51 of 1st period - Shot Misses the Net.
11:57 of 1st period - Wrist shot by David Booth.
11:57 of 1st period - Stopped by Kevin Poulin with a rebound.
12:29 of 1st period - Snap shot by David Booth.
12:29 of 1st period - Stopped by Kevin Poulin with a rebound.
12:31 of 1st period - Snap shot by Torey Krug.
12:31 of 1st period - Stopped by Kevin Poulin without a rebound.
12:32 of 1st period - Marc Savard wins face-off versus Pavel Datsyuk in Bruins zone.
12:41 of 1st period - Icing by Kevin Bieksa.
12:42 of 1st period - Marc Savard wins face-off versus Pavel Datsyuk in Blue Jackets zone.
12:43 of 1st period - Wrist shot by Alex Tanguay.
12:43 of 1st period - Deflect By Marc Savard.
12:43 of 1st period - Shot Misses the Net.
12:43 of 1st period - Puck is out of play.
12:44 of 1st period - Marc Savard wins face-off versus Pavel Datsyuk in Blue Jackets zone.
12:45 of 1st period - Wrist shot by Patrick Eaves.
12:45 of 1st period - Stopped by Rick DiPietro with a rebound.
12:47 of 1st period - Snap shot by Travis Hamonic.
12:47 of 1st period - Stopped by Rick DiPietro with a rebound.
12:49 of 1st period - Slapshot by Travis Hamonic.
12:49 of 1st period - Deflect By Alex Tanguay.
12:49 of 1st period - Shot Misses the Net.
12:49 of 1st period - Puck is out of play.
12:50 of 1st period - Alex Tanguay wins face-off versus Pavel Datsyuk in Blue Jackets zone.
12:53 of 1st period - Snap shot by Alex Tanguay.
12:53 of 1st period - Shot Blocked by Kevin Bieksa.
13:39 of 1st period - Mike Commodore is hit by Dave Bolland and loses puck.
13:55 of 1st period - Off-side.
13:56 of 1st period - Henrik Sedin wins face-off versus Kevin Porter in neutral zone.
14:03 of 1st period - Snap shot by Wojtek Wolski.
14:03 of 1st period - Stopped by Rick DiPietro with a rebound.
14:22 of 1st period - Tim Ramholt is hit by Andrew Alberts and loses puck.
14:29 of 1st period - Snap shot by Kevin Bieksa.
14:29 of 1st period - Stopped by Kevin Poulin with a rebound.
14:53 of 1st period - Off-side.
14:54 of 1st period - Henrik Sedin wins face-off versus Pavel Datsyuk in neutral zone.
14:57 of 1st period - Martin Havlat is hit by Wojtek Wolski and loses puck.
15:09 of 1st period - Wrist shot by Pavel Datsyuk.
15:09 of 1st period - Shot Misses the Net.
15:19 of 1st period - Henrik Sedin is hit by Mike York and loses puck.
15:28 of 1st period - Snap shot by Mike York.
15:28 of 1st period - Shot Misses the Net.
15:30 of 1st period - Snap shot by Jan Bulis.
15:30 of 1st period - Shot Misses the Net.
15:32 of 1st period - Slapshot by Torey Krug.
15:32 of 1st period - Shot Misses the Net.
15:47 of 1st period - Wojtek Wolski is hit by Kevin Bieksa and loses puck.
16:02 of 1st period - Nate Prosser is hit by Martin Havlat and loses puck.
16:23 of 1st period - Viktor Stalberg is hit by A.J Thelen.
17:12 of 1st period - Wrist shot by Marc Savard.
17:12 of 1st period - Stopped by Rick DiPietro with a rebound.
17:18 of 1st period - Minor Penalty to Mike Brown for Hooking.
17:19 of 1st period - Pavel Datsyuk wins face-off versus Marc Savard in Blue Jackets zone.
17:24 of 1st period - Wrist shot by Pavel Datsyuk.
17:24 of 1st period - Stopped by Kevin Poulin without a rebound.
17:25 of 1st period - Marc Savard wins face-off versus Pavel Datsyuk in Bruins zone.
17:36 of 1st period - Slapshot by Martin Havlat.
17:36 of 1st period - Shot Misses the Net.
17:39 of 1st period - Icing by Patrick Eaves.
17:40 of 1st period - Pavel Datsyuk wins face-off versus Marc Savard in Bruins zone.
17:51 of 1st period - Wrist shot by Martin Havlat.
17:51 of 1st period - Stopped by Kevin Poulin without a rebound.
17:52 of 1st period - Pavel Datsyuk wins face-off versus Henrik Sedin in Bruins zone.
17:55 of 1st period - Slapshot by Martin Havlat.
17:55 of 1st period - Stopped by Kevin Poulin without a rebound.
17:56 of 1st period - Henrik Sedin wins face-off versus Pavel Datsyuk in Bruins zone.
17:58 of 1st period - Minor Penalty to Henrik Sedin for Slashing.
17:59 of 1st period - Viktor Stalberg wins face-off versus Pavel Datsyuk in Bruins zone.
19:18 of 1st period - Penalty to Mike Brown is over, Mike Brown is back on ice.
19:57 of 1st period - Kris Chucko is hit by Peter Worrell and loses puck.
19:58 of 1st period - Penalty to Henrik Sedin is over, Henrik Sedin is back on ice.
Goals for this period are 0 for Bruins vs 1 for Blue Jackets.
Shots for this period are 11 for Bruins vs 11 for Blue Jackets.
2nd period
0:01 of 2nd period - Pavel Datsyuk wins face-off versus Henrik Sedin in neutral zone.
0:15 of 2nd period - Minor Penalty to Peter Worrell for Roughing.
0:16 of 2nd period - Henrik Sedin wins face-off versus Pavel Datsyuk in Blue Jackets zone.
0:26 of 2nd period - Henrik Sedin is hit by Pavel Datsyuk and loses puck.
0:45 of 2nd period - Mike Commodore is hit by Marc Savard and loses puck.
1:39 of 2nd period - Mike Commodore is hit by Ryan O'Byrne and loses puck.
2:15 of 2nd period - Penalty to Peter Worrell is over, Peter Worrell is back on ice.
2:28 of 2nd period - Slapshot by Kevin Bieksa.
2:28 of 2nd period - Deflect By Adam Pineault.
2:28 of 2nd period - Stopped by Kevin Poulin with a rebound.
2:30 of 2nd period - Snap shot by Peter Mueller.
2:30 of 2nd period - Shot Misses the Net.
2:32 of 2nd period - Snap shot by David Booth.
2:32 of 2nd period - Stopped by Kevin Poulin with a rebound.
2:34 of 2nd period - Snap shot by Kevin Bieksa.
2:34 of 2nd period - Shot Misses the Net.
4:06 of 2nd period - Slapshot by Tim Ramholt.
4:06 of 2nd period - Deflect By Dave Bolland.
4:06 of 2nd period - Stopped by Kevin Poulin without a rebound.
4:07 of 2nd period - Dave Bolland wins face-off versus Peter Mueller in Bruins zone.
4:47 of 2nd period - Mike Commodore is hit by Marc Savard and loses puck.
5:29 of 2nd period - Slapshot by Antti Miettinen.
5:29 of 2nd period - Stopped by Kevin Poulin with a rebound.
5:31 of 2nd period - Wrist shot by Jeff Taffe.
5:31 of 2nd period - Stopped by Kevin Poulin with a rebound.
5:33 of 2nd period - Slapshot by Torey Krug.
5:33 of 2nd period - Shot Misses the Net.
5:45 of 2nd period - Snap shot by Wojtek Wolski.
5:45 of 2nd period - Shot Misses the Net.
5:47 of 2nd period - Wrist shot by Henrik Sedin.
5:47 of 2nd period - Shot Misses the Net.
5:49 of 2nd period - Slapshot by Travis Hamonic.
5:49 of 2nd period - Deflect By Torey Krug.
5:49 of 2nd period - Stopped by Rick DiPietro with a rebound.
5:51 of 2nd period - Snap shot by Wojtek Wolski.
5:51 of 2nd period - Stopped by Rick DiPietro without a rebound.
5:52 of 2nd period - Pavel Datsyuk wins face-off versus Victor Oreskovich in Blue Jackets zone.
6:30 of 2nd period - Backhand shot by Alex Tanguay.
6:30 of 2nd period - Goal by Alex Tanguay - Bruins : 1 - Blue Jackets : 1.
6:31 of 2nd period - Henrik Sedin wins face-off versus Pavel Datsyuk in neutral zone.
6:34 of 2nd period - Kevin Bieksa is hit by Henrik Sedin and loses puck.
7:04 of 2nd period - Ryan O'Byrne is hit by Mike Brown and loses puck.
7:38 of 2nd period - Tim Ramholt is hit by Adam Pineault and loses puck.
7:43 of 2nd period - Snap shot by Travis Hamonic.
7:43 of 2nd period - Shot Misses the Net.
7:45 of 2nd period - Snap shot by Adam Pineault.
7:45 of 2nd period - Stopped by Rick DiPietro with a rebound.
7:47 of 2nd period - Snap shot by Adam Pineault.
7:47 of 2nd period - Shot Misses the Net.
8:05 of 2nd period - Snap shot by Pavel Datsyuk.
8:05 of 2nd period - Stopped by Kevin Poulin without a rebound.
8:06 of 2nd period - Peter Worrell wins face-off versus Marc Savard in Bruins zone.
8:07 of 2nd period - Wrist shot by Martin Havlat.
8:07 of 2nd period - Stopped by Kevin Poulin without a rebound.
8:08 of 2nd period - Pavel Datsyuk wins face-off versus Marc Savard in Bruins zone.
9:03 of 2nd period - Slapshot by Kris Chucko.
9:03 of 2nd period - Stopped by Rick DiPietro with a rebound.
9:05 of 2nd period - Wrist shot by Kris Chucko.
9:05 of 2nd period - Shot Blocked by Jan Bulis.
9:07 of 2nd period - Snap shot by Adam Pineault.
9:07 of 2nd period - Deflect By Mike Fisher.
9:07 of 2nd period - Goal by Mike Fisher - Bruins : 2 - Blue Jackets : 1.
9:08 of 2nd period - Henrik Sedin wins face-off versus Pavel Datsyuk in neutral zone.
9:12 of 2nd period - Minor Penalty to Mike Lundin for Interference.
9:13 of 2nd period - Henrik Sedin wins face-off versus Pavel Datsyuk in Blue Jackets zone.
9:26 of 2nd period - Slapshot by Pavel Datsyuk.
9:26 of 2nd period - Stopped by Kevin Poulin with a rebound.
9:46 of 2nd period - Wrist shot by Jason Demers.
9:46 of 2nd period - Shot Misses the Net.
10:24 of 2nd period - Viktor Stalberg is hit by Antti Miettinen and loses puck.
11:12 of 2nd period - Penalty to Mike Lundin is over, Mike Lundin is back on ice.
11:35 of 2nd period - Snap shot by Peter Mueller.
11:35 of 2nd period - Stopped by Kevin Poulin without a rebound.
11:36 of 2nd period - David Booth wins face-off versus Dave Bolland in Bruins zone.
11:41 of 2nd period - Snap shot by Peter Mueller.
11:41 of 2nd period - Shot Blocked by Jason Demers.
11:43 of 2nd period - Snap shot by David Booth.
11:43 of 2nd period - Stopped by Kevin Poulin without a rebound.
11:44 of 2nd period - Peter Mueller wins face-off versus Dave Bolland in Bruins zone.
11:44 of 2nd period - Peter Mueller is hit by Andrew Alberts.
11:56 of 2nd period - Backhand shot by Peter Mueller.
11:56 of 2nd period - Stopped by Kevin Poulin with a rebound.
11:58 of 2nd period - Minor Penalty to Andrew Alberts for Roughing.
11:59 of 2nd period - Pavel Datsyuk wins face-off versus Henrik Sedin in Bruins zone.
13:58 of 2nd period - Penalty to Andrew Alberts is over, Andrew Alberts is back on ice.
13:58 of 2nd period - David Booth is hit by Henrik Sedin and loses puck.
14:42 of 2nd period - Icing by Mark Stuart.
14:43 of 2nd period - Kevin Porter wins face-off versus Dave Bolland in Bruins zone.
14:56 of 2nd period - Wrist shot by Kevin Porter.
14:56 of 2nd period - Shot Misses the Net.
15:08 of 2nd period - Slapshot by Marc Savard.
15:08 of 2nd period - Stopped by Rick DiPietro without a rebound.
15:09 of 2nd period - Marc Savard wins face-off versus David Booth in Blue Jackets zone.
15:17 of 2nd period - Minor Penalty to Mike Lundin for Hooking.
15:18 of 2nd period - Henrik Sedin wins face-off versus Pavel Datsyuk in Blue Jackets zone.
16:07 of 2nd period - Victor Oreskovich is hit by Jan Bulis and loses puck.
17:17 of 2nd period - Penalty to Mike Lundin is over, Mike Lundin is back on ice.
17:20 of 2nd period - Snap shot by Mike Fisher.
17:20 of 2nd period - Shot Blocked by Tim Ramholt.
17:35 of 2nd period - Wrist shot by Andreas Nodl.
17:35 of 2nd period - Stopped by Kevin Poulin with a rebound.
18:28 of 2nd period - Wrist shot by Stefan Ruzicka.
18:28 of 2nd period - Shot Blocked by Martin Havlat.
19:02 of 2nd period - Wrist shot by Jeff Taffe.
19:02 of 2nd period - Shot Misses the Net.
19:37 of 2nd period - Wrist shot by Mike Fisher.
19:37 of 2nd period - Goal by Mike Fisher - Bruins : 3 - Blue Jackets : 1.
19:38 of 2nd period - Henrik Sedin wins face-off versus Pavel Datsyuk in neutral zone.
Goals for this period are 3 for Bruins vs 0 for Blue Jackets.
Shots for this period are 8 for Bruins vs 12 for Blue Jackets.
3rd period
0:01 of 3rd period - Henrik Sedin wins face-off versus Pavel Datsyuk in neutral zone.
0:19 of 3rd period - Minor Penalty to Pavel Datsyuk for High sticking.
0:20 of 3rd period - Andreas Nodl wins face-off versus Henrik Sedin in Blue Jackets zone.
0:20 of 3rd period - Andreas Nodl is hit by Wojtek Wolski.
0:41 of 3rd period - Minor Penalty to Mike Lundin for Holding.
0:42 of 3rd period - Andreas Nodl wins face-off versus Henrik Sedin in Blue Jackets zone.
1:14 of 3rd period - Slapshot by Andrew Alberts.
1:14 of 3rd period - Stopped by Rick DiPietro without a rebound.
1:15 of 3rd period - Jan Bulis wins face-off versus Henrik Sedin in Blue Jackets zone.
1:24 of 3rd period - Wrist shot by Henrik Sedin.
1:24 of 3rd period - Stopped by Rick DiPietro without a rebound.
1:25 of 3rd period - Victor Oreskovich wins face-off versus Andreas Nodl in Blue Jackets zone.
1:34 of 3rd period - Snap shot by Henrik Sedin.
1:34 of 3rd period - Stopped by Rick DiPietro without a rebound.
1:35 of 3rd period - Henrik Sedin wins face-off versus Andreas Nodl in Blue Jackets zone.
2:00 of 3rd period - Wrist shot by Patrick Eaves.
2:00 of 3rd period - Shot Blocked by Mike Commodore.
2:19 of 3rd period - Penalty to Pavel Datsyuk is over, Pavel Datsyuk is back on ice.
2:41 of 3rd period - Penalty to Mike Lundin is over, Mike Lundin is back on ice.
3:02 of 3rd period - Mike Brown is hit by Kris Chucko and loses puck.
3:26 of 3rd period - Snap shot by David Booth.
3:26 of 3rd period - Shot Misses the Net.
4:08 of 3rd period - Snap shot by Kris Chucko.
4:08 of 3rd period - Stopped by Rick DiPietro without a rebound.
4:09 of 3rd period - Martin Havlat wins face-off versus Mike Fisher in Blue Jackets zone.
4:40 of 3rd period - Icing by Mike Lundin.
4:41 of 3rd period - Jan Bulis wins face-off versus Henrik Sedin in Blue Jackets zone.
5:06 of 3rd period - Snap shot by Andreas Nodl.
5:06 of 3rd period - Deflect By Ryan O'Byrne.
5:06 of 3rd period - Shot Misses the Net.
5:06 of 3rd period - Puck is out of play.
5:07 of 3rd period - Alex Tanguay wins face-off versus Pavel Datsyuk in Bruins zone.
5:07 of 3rd period - Alex Tanguay is hit by Martin Havlat.
5:41 of 3rd period - Wrist shot by Patrick Eaves.
5:41 of 3rd period - Shot Blocked by Torey Krug.
5:43 of 3rd period - Snap shot by Marc Savard.
5:43 of 3rd period - Shot Misses the Net.
5:45 of 3rd period - Snap shot by Patrick Eaves.
5:45 of 3rd period - Stopped by Rick DiPietro without a rebound.
5:46 of 3rd period - Peter Mueller wins face-off versus Henrik Sedin in Blue Jackets zone.
5:48 of 3rd period - Minor Penalty to Mike Lundin for Hooking.
5:49 of 3rd period - Pavel Datsyuk wins face-off versus Henrik Sedin in Blue Jackets zone.
6:43 of 3rd period - Tim Ramholt is hit by Travis Hamonic and loses puck.
6:54 of 3rd period - Torey Krug is hit by Travis Hamonic and loses puck.
7:17 of 3rd period - Patrick Eaves is hit by Torey Krug and loses puck.
7:48 of 3rd period - Penalty to Mike Lundin is over, Mike Lundin is back on ice.
7:56 of 3rd period - Wrist shot by Adam Pineault.
7:56 of 3rd period - Shot Misses the Net.
7:58 of 3rd period - Snap shot by Mike Fisher.
7:58 of 3rd period - Shot Misses the Net.
8:00 of 3rd period - Snap shot by Kris Chucko.
8:00 of 3rd period - Stopped by Rick DiPietro without a rebound.
8:01 of 3rd period - Mike Fisher wins face-off versus Peter Mueller in Blue Jackets zone.
8:37 of 3rd period - Wrist shot by Dave Bolland.
8:37 of 3rd period - Shot Misses the Net.
8:39 of 3rd period - Slapshot by Stefan Ruzicka.
8:39 of 3rd period - Deflect By Dave Bolland.
8:39 of 3rd period - Stopped by Rick DiPietro with a rebound.
8:41 of 3rd period - Slapshot by Nate Prosser.
8:41 of 3rd period - Stopped by Rick DiPietro with a rebound.
8:51 of 3rd period - Ryan O'Byrne is hit by Pavel Datsyuk and loses puck.
11:23 of 3rd period - Wrist shot by Stefan Ruzicka.
11:23 of 3rd period - Shot Misses the Net.
11:25 of 3rd period - Backhand shot by Viktor Stalberg.
11:25 of 3rd period - Shot Blocked by Mike Commodore.
11:27 of 3rd period - Wrist shot by Viktor Stalberg.
11:27 of 3rd period - Stopped by Rick DiPietro with a rebound.
11:29 of 3rd period - Wrist shot by Dave Bolland.
11:29 of 3rd period - Stopped by Rick DiPietro without a rebound.
11:30 of 3rd period - Pavel Datsyuk wins face-off versus Victor Oreskovich in Blue Jackets zone.
11:40 of 3rd period - Pavel Datsyuk and Wojtek Wolski fight to a draw.
11:40 of 3rd period - Penalty to Pavel Datsyuk for Fighting.
11:40 of 3rd period - Penalty to Wojtek Wolski for Fighting.
11:40 of 3rd period - Penalty to Wojtek Wolski for instigated a fight.
11:40 of 3rd period - Penalty to Wojtek Wolski for instigated a fight.
11:41 of 3rd period - David Booth wins face-off versus Henrik Sedin in Bruins zone.
12:08 of 3rd period - Peter Worrell is hit by Henrik Sedin and loses puck.
12:37 of 3rd period - Alex Tanguay is hit by Martin Havlat and loses puck.
13:22 of 3rd period - Icing by Mike York.
13:23 of 3rd period - Henrik Sedin wins face-off versus Mike York in Blue Jackets zone.
13:40 of 3rd period - Penalty to Wojtek Wolski is over, Patrick Eaves is send on ice.
13:51 of 3rd period - Snap shot by Henrik Sedin.
13:51 of 3rd period - Stopped by Rick DiPietro with a rebound.
13:53 of 3rd period - Wrist shot by Adam Pineault.
13:53 of 3rd period - Stopped by Rick DiPietro with a rebound.
13:55 of 3rd period - Slapshot by Mark Stuart.
13:55 of 3rd period - Shot Misses the Net.
13:57 of 3rd period - Snap shot by Adam Pineault.
13:57 of 3rd period - Stopped by Rick DiPietro without a rebound.
13:58 of 3rd period - Marc Savard wins face-off versus Mike York in Blue Jackets zone.
14:08 of 3rd period - Snap shot by Mike York.
14:08 of 3rd period - Shot Blocked by Jason Demers.
14:10 of 3rd period - Slapshot by Mike Lundin.
14:10 of 3rd period - Stopped by Kevin Poulin with a rebound.
14:44 of 3rd period - Adam Pineault is hit by Antti Miettinen and loses puck.
14:49 of 3rd period - Snap shot by Kevin Porter.
14:49 of 3rd period - Goal by Kevin Porter - Bruins : 3 - Blue Jackets : 2.
14:50 of 3rd period - Mike York wins face-off versus Henrik Sedin in neutral zone.
15:15 of 3rd period - Patrick Eaves is hit by Kevin Bieksa.
15:36 of 3rd period - Mike Lundin is hit by Travis Hamonic and loses puck.
15:59 of 3rd period - Wrist shot by Martin Havlat.
15:59 of 3rd period - Shot Blocked by Victor Oreskovich.
16:01 of 3rd period - Snap shot by Kevin Bieksa.
16:01 of 3rd period - Shot Misses the Net.
16:03 of 3rd period - Snap shot by Mike York.
16:03 of 3rd period - Stopped by Kevin Poulin with a rebound.
16:05 of 3rd period - Slapshot by Mike York.
16:05 of 3rd period - Stopped by Kevin Poulin with a rebound.
16:07 of 3rd period - Slapshot by Mike Lundin.
16:07 of 3rd period - Shot Blocked by Mark Stuart.
16:09 of 3rd period - Slapshot by Mike Lundin.
16:09 of 3rd period - Stopped by Kevin Poulin with a rebound.
16:39 of 3rd period - Alex Tanguay is hit by Martin Havlat and loses puck.
17:03 of 3rd period - Off-side.
17:04 of 3rd period - Kevin Porter wins face-off versus Mike Fisher in neutral zone.
17:11 of 3rd period - Adam Pineault is hit by A.J Thelen and loses puck.
17:38 of 3rd period - Wrist shot by Jeff Taffe.
17:38 of 3rd period - Goal by Jeff Taffe - Bruins : 3 - Blue Jackets : 3.
17:39 of 3rd period - Dave Bolland wins face-off versus Jan Bulis in neutral zone.
18:06 of 3rd period - Andrew Alberts is hit by Peter Mueller and loses puck.
18:14 of 3rd period - Off-side.
18:15 of 3rd period - Henrik Sedin wins face-off versus Pavel Datsyuk in neutral zone.
18:30 of 3rd period - Wrist shot by Henrik Sedin.
18:30 of 3rd period - Stopped by Rick DiPietro without a rebound.
18:31 of 3rd period - Henrik Sedin wins face-off versus Jan Bulis in Blue Jackets zone.
18:56 of 3rd period - Patrick Eaves is hit by Kevin Bieksa and loses puck.
19:13 of 3rd period - Patrick Eaves is hit by Peter Worrell and loses puck.
19:30 of 3rd period - Slapshot by Adam Pineault.
19:30 of 3rd period - Stopped by Rick DiPietro with a rebound.
19:32 of 3rd period - Snap shot by Dave Bolland.
19:32 of 3rd period - Stopped by Rick DiPietro with a rebound.
Goals for this period are 0 for Bruins vs 2 for Blue Jackets.
Shots for this period are 16 for Bruins vs 6 for Blue Jackets.
Overtime #1
0:01 of 1st overtime period - Henrik Sedin wins face-off versus Pavel Datsyuk in neutral zone.
0:12 of 1st overtime period - Snap shot by Viktor Stalberg.
0:12 of 1st overtime period - Deflect By Mike Lundin.
0:12 of 1st overtime period - Stopped by Rick DiPietro with a rebound.
0:51 of 1st overtime period - Icing by Henrik Sedin.
0:52 of 1st overtime period - Henrik Sedin wins face-off versus Mike York in Bruins zone.
1:20 of 1st overtime period - Martin Havlat is hit by Jason Demers.
1:37 of 1st overtime period - Icing by Torey Krug.
1:38 of 1st overtime period - Peter Mueller wins face-off versus Henrik Sedin in Blue Jackets zone.
1:40 of 1st overtime period - Icing by David Booth.
1:41 of 1st overtime period - Pavel Datsyuk wins face-off versus Henrik Sedin in Blue Jackets zone.
2:19 of 1st overtime period - Slapshot by Mike Lundin.
2:19 of 1st overtime period - Stopped by Kevin Poulin with a rebound.
2:29 of 1st overtime period - Minor Penalty to Andrew Alberts for Interference.
2:30 of 1st overtime period - Adam Pineault wins face-off versus Pavel Datsyuk in Bruins zone.
2:42 of 1st overtime period - Off-side.
2:43 of 1st overtime period - Pavel Datsyuk wins face-off versus Adam Pineault in neutral zone.
2:48 of 1st overtime period - Snap shot by Pavel Datsyuk.
2:48 of 1st overtime period - Deflect By Martin Havlat.
2:48 of 1st overtime period - Goal by Martin Havlat - Bruins : 3 - Blue Jackets : 4.
Goals for this period are 0 for Bruins vs 1 for Blue Jackets.
Shots for this period are 1 for Bruins vs 2 for Blue Jackets.
Back to the Top